 Dungeon Crawl Stone Soup version 0.29-a0-409-gd843f3a48c (webtiles) character file.

Game seed: 3754413313301837625

1 trckry the Caller (level 1, 0/9 HPs)
             Began as a Vine Stalker Summoner on May 13, 2022.
             Slain by a kobold
             ... wielding a +0 whip
              (2 damage)
             ... on level 1 of the Dungeon.
             The game lasted 00:00:17 (41 turns).

trckry the Caller (Vine Stalker Summoner)             Turns: 41, Time: 00:00:18

Health: 0/9        AC:  2    Str: 10    XL:     1   Next: 20%
Magic:  0/4        EV: 12    Int: 15    God:
Gold:   0          SH:  0    Dex: 14    Spells: 3/4 levels left

rFire   . . .      SeeInvis .   (no weapon)
rCold   . . .      Faith    .   (no shield)
rNeg    . . .      Spirit   +   a - +0 robe
rPois   .          Reflect  .   (no helmet)
rElec   .          Harm     .   (no cloak)
rCorr   .          Rampage  .   (no gloves)
Will    .....                   (no boots)
Stlth   ++........              (no amulet)
HPRegen 0.03/turn               (no ring)
MPRegen 0.09/turn               (no ring)

@: no status effects
A: fangs 2, magic shield, antimagic bite, no potion heal 2
a: no special abilities


You were on level 1 of the Dungeon.
You visited 1 branch of the dungeon, and saw 1 of its levels.

Inventory:

Armour
 a - a +0 robe (worn)
Potions
 b - a potion of magic


   Skills:
 + Level 1.6 Dodging
 + Level 2.4 Stealth
 + Level 2.2 Spellcasting
 + Level 4.0 Summonings


You had 3 spell levels left.
You knew the following spells:

 Your Spells              Type           Power      Damage    Failure   Level
a - Summon Small Mammal   Summ           52%        N/A       4%          1

Your spell library contained the following spells:

 Spells                   Type           Power      Damage    Failure   Level
 Call Imp                 Summ           13%        N/A       6%          2
 Call Canine Familiar     Summ           13%        N/A       13%         3
 Summon Guardian Golem    Hex/Summ       7%         N/A       28%         3
 Summon Lightning Spire   Summ/Air       7%         N/A       67%         4


Dungeon Overview and Level Annotations

Branches:
Dungeon (1/15)

Altars:


Innate Abilities, Weirdness & Mutations

You have extremely sharp teeth.
When hurt, damage is shared between your health and your magic reserves.
Your bite disrupts and absorbs the magic of your enemies.
Potions cannot restore your health.


Message History

A kobold comes into view. It is wielding a +0 whip.
The hobgoblin barely misses your quokka.
Your quokka barely misses the hobgoblin.
Your quokka closely misses the hobgoblin.
Your rat barely misses the hobgoblin.
The hobgoblin barely misses your quokka.
Your quokka misses the hobgoblin.
Your rat bites the hobgoblin.
The hobgoblin hits your rat.
Your rat dies!
Your rat's corpse disappears in a puff of smoke!
Your quokka barely misses the hobgoblin.
The hobgoblin completely misses your quokka.
Your quokka bites the hobgoblin.
Your quokka bites the hobgoblin but does no damage.
The hobgoblin hits your quokka.
Your quokka closely misses the hobgoblin.
Casting: Summon Small Mammal (safe; 4% risk of failure)
Confirm with . or Enter, or press ? or * to list all spells.
Your quokka closely misses the hobgoblin.
The hobgoblin barely misses your quokka.
The kobold hits you with a +0 whip.
You take 2 damage, and have 7/9 hp.
MASSIVE DAMAGE!!
Your quokka bites the hobgoblin.
The hobgoblin dies!
You swap places.
The kobold hits you with a +0 whip.
Your rat barely misses the kobold.
You take 2 damage, and have 5/9 hp.
MASSIVE DAMAGE!!
The kobold hits your rat with a +0 whip.
Your rat dies!
Your rat's corpse disappears in a puff of smoke!
Casting: Summon Small Mammal (safe; 4% risk of failure)
Confirm with . or Enter, or press ? or * to list all spells.
You now have 1/4 mp.
You swap places.
The kobold attacks as you move away! The kobold hits you with a +0 whip.
* * * LOW HITPOINT WARNING * * *
Your quokka bites the kobold.
You take 3 damage, and have 2/9 hp.
MASSIVE DAMAGE!!
Your quokka closely misses the kobold.
The kobold hits you with a +0 whip.
You die... ♣.PPPPP.♣

♣<......♣
♣♣♣.♣♣♣♣♣ ##.#
###########..#
............##
#######.#####
##############.###
........@.......>#
#.......rK####.#.#
.........r# #.#.#
..........# #.#.#
..........# #.#.#
..###.....# #.#.#
. #.....# #.#.#
#.....+ ..#.#
#.....#


You could see a kobold (ally target) and 2 friendly quokkas.

Vanquished Creatures (collateral kills)
  A hobgoblin (D:1)
1 creature vanquished.

Notes
Turn   | Place    | Note
-------+----------+-------------------------------------------
     0 | D:1      | trckry the Vine Stalker Summoner began the quest for the
                  | Orb.
     0 | D:1      | Reached XP level 1. HP: 9/9 MP: 4/4
    41 | D:1      | Slain by a kobold

Illustrated notes

Levels and vault maps discovered:
D:1:      tarquinn_simple_flora_water_a, layout_basic,
          hellmonk_ecumenical_altar_arch_garden

Action                   || total
-------------------------++-------
 Cast: Summon Small Mamm ||     4

Table legend: (Time is in decaauts)
 A = Elapsed time spent in this place.
 B = Non-inter-level travel time spent in this place.
 C = Inter-level travel time spent in this place.
 D = Time resting spent in this place.
 E = Time spent auto-exploring this place.
 F = Levels seen in this place.
 G = Mean time per level.
                   A        B        C        D        E       F      G
               +--------+--------+--------+--------+--------+-----+--------+
         Total |     41 |     41 |      0 |      0 |     22 |   1 |   41.0 |
       Dungeon |     41 |     41 |      0 |      0 |     22 |   1 |   41.0 |
               +--------+--------+--------+--------+--------+-----+--------+

Top non-repeatable levels by time:
     D:1: 41 daAuts
